 Dungeon Crawl Stone Soup version 0.26-b1-32-g5d43845318 (webtiles) character file.

Game seed: 15427193241554947347

6829 MisterFreud the Grappler (level 10, -4/98 HPs)
             Began as a Troll Delver on Jan 9, 2021.
             Was a Priest of Ru.
             Shot with an arrow by a centaur (8 damage)
             ... on level 9 of the Dungeon.
             The game lasted 00:15:10 (7418 turns).

MisterFreud the Grappler (Troll Delver)             Turns: 7418, Time: 00:15:11

Health: -4/98      AC: 12    Str: 25    XL:     10   Next: 77%
Magic:  8/8        EV: 12    Int:  6    God:    Ru [***...]
Gold:   323        SH: 11    Dex: 11    Spells: 9/9 levels left

rFire    + + .     SeeInvis .     - Unarmed
rCold    + + .     Faith    .   m - +0 kite shield {rC+ rF+}
rNeg     . . .     Spirit   .   z - +2 robe {Will+}
rPois    .         Reflect  .   (helmet restricted)
rElec    .         Harm     .   h - scarf {rC+ rF+}
rCorr    .         Rampage  .   (gloves unavailable)
Will     ++...                  (boots unavailable)
Stlth    ..........             (no amulet)
HPRegen  0.66/turn              n - ring of willpower
MPRegen  0.11/turn              y - +4 ring of protection

@: no status effects
A: large, unfitting armour, claws 3, low mp 1, regeneration 1, shaggy fur 1,
tough skin 3, no stealth, no air magic, no translocations magic, no
transmutations magic, missing an eye
a: Renounce Religion, Draw Out Power


You were on level 9 of the Dungeon.
You worshipped Ru.
Ru was most pleased with you.
You visited 2 branches of the dungeon, and saw 10 of its levels.
You visited the Abyss 1 time.
You also visited: Ossuary.

You collected 505 gold pieces.
You spent 182 gold pieces at shops.

Inventory:

Armour
 h - a scarf of resistance (worn)
 m - a +0 kite shield of resistance (worn)
 z - a +2 robe of willpower (worn)
Jewellery
 a - an uncursed ring of willpower
 n - a ring of willpower (left claw)
 y - a +4 ring of protection (right claw)
 A - an uncursed ring of protection from cold {unknown}
 H - the ring of Reimbursement {*Tele rN+ Dex+3, unknown}
   (You found it on level 4 of the Dungeon)

   [ring of teleportation]

   It may teleport you next to monsters.
   It affects your dexterity (+3).
   It protects you from negative energy.
Wands
 f - a wand of digging (3)
 g - a wand of paralysis (3)
 i - a wand of acid (14)
 C - a wand of flame (23)
Scrolls
 b - 2 scrolls of fog
 c - 5 scrolls of magic mapping
 d - 3 scrolls of fear
 j - 7 scrolls of remove curse {unknown}
 l - 3 scrolls of blinking {unknown}
 o - 2 scrolls of amnesia {unknown}
 p - 3 scrolls of immolation {unknown}
 t - 14 scrolls of identify
 v - 4 scrolls of teleportation
 x - a scroll of enchant armour {unknown}
 B - a scroll of enchant weapon {unknown}
 I - a scroll of vulnerability {unknown}
 L - a scroll of noise {unknown}
Potions
 e - 3 potions of haste
 k - 2 potions of attraction {unknown}
 q - 2 potions of ambrosia {unknown}
 r - 2 potions of curing
 s - 4 potions of brilliance {unknown}
 u - 4 potions of flight {unknown}
 w - 2 potions of might {unknown}
 D - a potion of lignification {unknown}
 E - 2 potions of resistance {unknown}
 F - 3 potions of heal wounds {unknown}
 J - 2 potions of mutation {unknown}
 K - 2 potions of degeneration {unknown}
Miscellaneous
 G - a phantom mirror


   Skills:
 - Level 6.0 Fighting
 - Level 6.0 Dodging
 * Level 7.9 Shields
 - Level 10.0 Unarmed Combat


You had 9 spell levels left.
You didn't know any spells.
Your spell library was empty.

Dungeon Overview and Level Annotations

Branches:
Dungeon (9/15)             Temple (1/1) D:5         Ossuary (visited)
   Lair: D:8-11         Orc: D:9-12

Altars:
Ashenzari
Cheibriados
Dithmenos
Elyvilon
Fedhas
Gozag
Hepliaklqana
Kikubaaqudgha
Makhleb
Nemelex Xobeh
Okawaru
Qazlal
Ru
Sif Muna
Trog
Uskayaw
Vehumet
Wu Jian
Xom
Zin
The Shining One

Shops:
D:4 (=*   D:5 (   D:7 (


Innate Abilities, Weirdness & Mutations

You are too large for most types of armour.
You have claws for hands.
Your magical capacity is low. (-10% MP)
Your natural rate of healing is unusually fast.
You are covered in fur. (AC +1)
You have extremely tough skin. (AC +3)
You cannot be stealthy.
You cannot study or cast Air magic.
You cannot study or cast Translocations magic.
You cannot study or cast Transmutations magic.
You are missing an eye, making it more difficult to aim.


Message History

A killer bee comes into view. x2
The killer bee buzzes angrily.
You hear an angry buzzing noise.
You hear a bark! x2
The centaur shoots an arrow.
You block the arrow.
A jackal comes into view. x2; A killer bee zombie comes into view.
The centaur shoots an arrow.
You block the arrow.
Found a stone staircase leading up.
A killer bee comes into view.
There is an open door here.
You see here an arrow.
A jackal comes into view.
The jackal barks!
The orc priest begins to pray, but is stunned by your conviction!
The jackal barely misses you.
The orc priest calls down the wrath of Beogh upon you.
Beogh smites you!
* * * LOW HITPOINT WARNING * * *
The jackal bites you but does no damage.
The centaur shoots an arrow.
The arrow hits you!
You die...

#####+#### '######
#......... .........#
#.@h......
..........####.h..h....
.............(...h.....
....#..#...##..yy..<..
##......o...##....Z....
#..#......#..#.........
#.......c....##+###y.##
##............# .≈.
o...#......#..# ≈≈


You could see a centaur, 3 killer bees, an orc priest, a killer bee zombie and 4
jackals.

Vanquished Creatures
  A two-headed ogre (D:8)
  Pikel (D:4)
  A worldbinder (Abyss:1)
  2 komodo dragons (D:9)
  Prince Ribbit (D:7)
  Sigmund (D:2)
  A wyvern (D:8)
  An acid dragon (D:9)
  Duvessa (D:4)
  A small abomination (Abyss:1)
  3 orc warriors
  2 sky beasts (D:7)
  A black bear (D:6)
  An ice beast (D:8)
  A phantom (D:4)
  6 ogres
  A necrophage (D:9)
  A centaur (D:7)
  2 elf zombies (Ossuary)
  A big kobold (D:9)
  7 bullfrogs
  Dowan (D:4)
  A scorpion (D:6)
  2 howler monkeys
  3 wights (D:7)
  2 centaur zombies (Ossuary)
  3 jellies
  7 hounds
  7 orc priests
  8 human zombies (Ossuary)
  Crazy Yiuf (D:3)
  Jessica (D:3)
  Natasha (D:3)
  An iguana (D:8)
  Ijyb (D:3)
  6 orc wizards
  10 worker ants
  A killer bee zombie (D:9)
  A hound zombie (D:7)
  A hound skeleton (D:9)
  4 mummies
  4 gnolls (D:4)
  6 adders
  A howler monkey skeleton (D:7)
  2 shadow imps
  A white imp (D:7)
  2 ufetubi
  3 oozes
  2 adder zombies
  2 adder skeletons
  A worm (D:2)
  A dart slug (D:1)
  4 leopard geckos
  31 orcs
  6 giant cockroaches
  8 goblins
  9 hobgoblins
  17 jackals
  7 quokkas
  3 ball pythons
  8 bats
  10 frilled lizards
  15 kobolds
  5 rats
247 creatures vanquished.

Vanquished Creatures (others)
  A rat (D:3)
  23 plants (D:2)
24 creatures vanquished.

Grand Total: 271 creatures vanquished

Notes
Turn   | Place    | Note
-------+----------+-------------------------------------------
     0 | D:5      | MisterFreud the Troll Delver began the quest for the Orb.
     0 | D:5      | Reached XP level 1. HP: 22/22 MP: 0/0
     3 | D:5      | Noticed a worker ant
    29 | D:4      | Found Kuemofuk's Antique Weapon Emporium.
    34 | D:4      | Noticed an orc priest
    34 | D:4      | Noticed an orc priest
   120 | D:5      | Noticed an ogre
   126 | D:5      | Noticed a howler monkey
   160 | D:5      | Noticed a worker ant
   169 | D:5      | Killed a worker ant
   170 | D:5      | Reached skill level 3 in Unarmed Combat
   170 | D:5      | Reached XP level 2. HP: 23/29 MP: 1/1
   176 | D:5      | Reached skill level 4 in Unarmed Combat
   176 | D:5      | Reached XP level 3. HP: 32/36 MP: 2/2
   178 | D:5      | Found a staircase to the Ecumenical Temple.
   191 | D:5      | Reached XP level 4. HP: 33/44 MP: 3/3
   197 | Temple   | Entered the Ecumenical Temple
   375 | Temple   | Became a worshipper of Ru the Awakened
   539 | D:5      | Reached skill level 5 in Unarmed Combat
   539 | D:5      | Reached XP level 5. HP: 44/50 MP: 4/4
   543 | D:5      | Killed an ogre
   544 | D:5      | Reached skill level 6 in Unarmed Combat
   637 | D:5      | Found Pajia's Antique Weapon Boutique.
   649 | D:4      | Noticed a phantom
   656 | D:4      | Killed a phantom
   657 | D:4      | Reached XP level 6. HP: 56/59 MP: 5/5
   746 | D:4      | Found a white marble altar of Elyvilon.
   800 | D:4      | Noticed Pikel
   859 | D:4      | Killed Pikel
   860 | D:4      | Reached skill level 7 in Unarmed Combat
   860 | D:4      | Reached XP level 7. HP: 27/70 MP: 6/6
   978 | D:4      | Found Lyheso's Jewellery Shop.
   991 | D:3      | Reached XP level 8. HP: 65/78 MP: 7/7
  1180 | D:3      | Gained mutation: You are missing an eye, making it more
                  | difficult to aim. [Ru sacrifice]
  1199 | D:3      | Noticed Jessica
  1202 | D:3      | Noticed Natasha
  1213 | D:3      | Killed Natasha
  1215 | D:3      | Killed Jessica
  1227 | D:3      | Noticed Ijyb
  1237 | D:3      | Killed Ijyb
  1239 | D:3      | Reached skill level 1 in Shields
  1322 | D:2      | Found a blossoming altar of Fedhas.
  2238 | D:2      | You fall into a shaft and drop 1 floor!
  2543 | D:2      | Found a faded altar of an unknown god.
  2562 | D:2      | Gained mutation: You cannot be stealthy. [Ru sacrifice]
  2562 | D:2      | Reached * piety under Ru
  2620 | D:2      | Noticed Sigmund
  2642 | D:2      | Killed Sigmund
  3459 | D:3      | Found a runed translucent door.
  3460 | D:3      | Noticed Crazy Yiuf
  3464 | D:3      | Killed Crazy Yiuf
  3570 | D:4      | Noticed Dowan
  3571 | D:4      | Noticed Duvessa
  3586 | D:4      | Killed Dowan
  3606 | D:4      | Cast into level 1 of the Abyss (Duvessa)
  3628 | Abyss:1  | Noticed a worldbinder
  3643 | Abyss:1  | Killed a worldbinder
  3644 | Abyss:1  | Reached skill level 5 in Fighting
  3644 | Abyss:1  | Reached skill level 8 in Unarmed Combat
  3647 | Abyss:1  | Noticed a flying skull
  3649 | D:4      | Escaped the Abyss
  3653 | D:4      | Killed Duvessa
  3654 | D:4      | Reached XP level 9. HP: 28/88 MP: 8/8
  3808 | D:4      | Got a bound ivory ring
  3829 | D:4      | Found Asunopia's General Store.
  3851 | D:4      | Bought 3 scrolls of teleportation for 117 gold pieces
  3851 | D:4      | Bought a potion of curing for 39 gold pieces
  3851 | D:4      | Bought a scroll of identify for 26 gold pieces
  4357 | D:6      | Reached skill level 5 in Dodging
  4728 | D:6      | Gained mutation: You cannot study or cast Air magic. [Ru
                  | sacrifice]
  4728 | D:6      | Gained mutation: You cannot study or cast Transmutations
                  | magic. [Ru sacrifice]
  4728 | D:6      | Gained mutation: You cannot study or cast Translocations
                  | magic. [Ru sacrifice]
  4728 | D:6      | Reached ** piety under Ru
  4800 | D:6      | Reached skill level 5 in Shields
  5509 | D:7      | Noticed Prince Ribbit
  5855 | D:7      | Killed Prince Ribbit
  5856 | D:7      | Reached skill level 9 in Unarmed Combat
  5856 | D:7      | Reached XP level 10. HP: 82/98 MP: 9/9
  6305 | D:7      | Found Putaus's Weapon Shop.
  6402 | D:8      | Found an ancient bone altar of Kikubaaqudgha.
  6402 | D:8      | Noticed a two-headed ogre
  6414 | D:8      | Killed a two-headed ogre
  6416 | D:8      | Found a broken altar of Ashenzari.
  6624 | D:8      | Found a sand-covered staircase.
  6635 | Ossuary  | Entered an ossuary
  6642 | Ossuary  | Gained mutation: Your magical capacity is low. (-10% MP)
                  | [Ru sacrifice]
  6642 | Ossuary  | Reached *** piety under Ru
  6883 | D:8      | Found a sacrificial altar of Ru.
  7355 | D:9      | Reached skill level 10 in Unarmed Combat
  7418 | D:9      | HP: 4/98 [orc priest/divine providence (15)]
  7418 | D:9      | Shot with an arrow by a centaur

Illustrated notes

Levels and vault maps discovered:
D:1:      evilmike_arrival_crescent, layout_loops_ring, dk_noncrumbling_3
D:2:      wad_woods_stonehenge, layout_loops_corners,
          chequers_ecumenical_altar_island, minmay_misc_feat_five, uniq_sigmund
D:3:      layout_rooms, minmay_vboxes, uniq_crazy_yiuf_cottage, uniq_natasha,
          uniq_ijyb, uniq_jessica
D:4:      layout_gridville, elyvilon_altar_3, serial_shops, kennysheep_mini,
          shop, nicolae_shop_temple_entry_statues_fountains, uniq_pikel,
          uniq_duvessa
D:5:      layout_cave_pools, minmay_temple_entry_glass, serial_shops,
          nicolae_shop_behind_doors, grunt_decor_arrowhead,
          roderic_roman_lattice
D:6:      layout_basic
D:7:      layout_cave_pods, serial_shops, nicolae_shop_stone,
          uniq_prince_ribbit1
D:8:      layout_rooms, grunt_temple_overflow_open, gup_ossuary_entry_pyramid,
          minivault_24, hangedman_ru_absence
D:9:      layout_roguey, lemuel_zombie_altar_yredelemnul, erik_lair_dragon,
          minmay_misc_feat_plants, chequers_garden,
          chequers_serial_rivers_marsh, grunt_potential
Temple:   dpeg_five_rooms_temple

Skill      XL: |  1  2  3  4  5  6  7  8  9 10 |
---------------+-------------------------------+-----
Unarmed Combat | 3 4 5 6 7 8 9 10 | 10.0
Dodging        | 2 3 4 5 6 |  6.0
Fighting       | 4 5 6 |  6.0
Shields        | 3 5 7 |  7.9
Stealth        | 0 |  0.0

Action                   |  1- 3 |  4- 6 |  7- 9 | 10-12 || total
-------------------------+-------+-------+-------+-------++-------
Melee: Unarmed           |    19 |    77 |   579 |   274 ||   949
       Punch             |       |     1 |     1 |       ||     2
Invok: Sacrifice Stealth |       |       |     1 |       ||     1
       Sacrifice an Eye  |       |       |     1 |       ||     1
       Sacrifice Arcana  |       |       |     1 |       ||     1
       Sacrifice Essence |       |       |       |     1 ||     1
Evoke: Wand              |       |     3 |     2 |     2 ||     7
  Use: Scroll            |       |       |       |     2 ||     2
       Potion            |       |       |       |     1 ||     1
 Stab: Sleeping          |     2 |       |    10 |       ||    12
       Paralysed         |       |     7 |     3 |       ||    10
       Invisible         |       |       |     2 |       ||     2
       Distracted        |       |       |     1 |       ||     1
Armor: Robe              |     1 |    19 |   183 |    61 ||   264
Dodge: Dodged            |    10 |    32 |   159 |    72 ||   273
Block: Kite shield       |       |       |   216 |    92 ||   308
